 Dungeon Crawl Stone Soup version 0.32-a0-975-g85d4e5bfdb (webtiles) character file.

Game seed: 5318642510997861747

7351 Maxmaps the Basher (level 11, -9/69 (75) HPs)
             Began as a Formicid Fighter on Apr 19, 2024.
             Was a Believer of the Shining One.
             Mangled by a slime creature (14 damage)
             ... on level 9 of the Dungeon.
             The game lasted 00:12:25 (9085 turns).

Maxmaps the Basher (Formicid Fighter)               Turns: 9085, Time: 00:12:25

HP:   -9/69 (75)    AC: 18    Str: 20    XL:     11   Next: 35%
MP:   11/11         EV:  6    Int:  9    God:    the Shining One [**....]
Gold: 131           SH: 10    Dex: 17    Spells: 10/10 levels left

rFire   . . .        u - +4 whip
rCold   . . .        k - +1 kite shield
rNeg    + . .        M - +0 chain mail
rPois   .            (helmet unavailable)
rElec   .            H - scarf {repulsion}
rCorr   .            (no gloves)
SInv    +            K - +2 pair of boots {Fly}
Will    +....        L - amulet of regeneration Stlth
                     c - +4 ring of slaying
HPRegen 1.11/turn    p - +4 ring of protection
MPRegen 0.12/turn

%: repel missiles
@: flying, glowing, drained
A: permanent stasis, dig shafts and tunnels, antennae 3, four strong arms
a: Dig, Shaft Self, Renounce Religion, Divine Shield


You were on level 9 of the Dungeon.
You worshipped the Shining One.
The Shining One was pleased with you.
You visited 1 branch of the dungeon, and saw 9 of its levels.

You collected 379 gold pieces.
You spent 248 gold pieces at shops.

Inventory:

Hand Weapons
 a - a +0 quarterstaff
 e - a +0 war axe
 u - a +4 whip (weapon)
 B - the +0 whip of the Pyrrhic Victory {freeze, rElec Dex+3 SInv}
   (You found it on level 5 of the Dungeon)

   Dex+3:     It affects your dexterity (+3).
   rElec:     It insulates you from electricity.
   SInv:      It lets you see invisible.
Armour
 b - a +0 scale mail
 k - a +1 kite shield (worn)
 H - a scarf of repulsion (worn)
 K - a +2 pair of boots of flying (worn)
 M - a +0 chain mail (worn)
Jewellery
 c - a +4 ring of slaying (left hand)
 p - a +4 ring of protection (right hand)
 s - a ring of flight
 t - an amulet of faith
 y - a +6 ring of dexterity
 L - an amulet of regeneration (around neck)
 N - a +4 ring of slaying
Talismans
 m - a granite talisman
Wands
 v - a wand of flame (39)
 G - a wand of light (25)
 O - a wand of polymorph (2)
Scrolls
 d - a scroll of silence {unknown}
 g - 13 scrolls of identify
 h - 3 scrolls of teleportation
 n - a scroll of enchant weapon {unknown}
 o - 2 scrolls of amnesia
 w - a scroll of blinking {unknown}
 z - a scroll of revelation {unknown}
 C - 4 scrolls of vulnerability
 F - a scroll of immolation {unknown}
 J - 2 scrolls of enchant armour
Potions
 i - a potion of brilliance
 j - a potion of cancellation
 l - a potion of lignification
 q - a potion of berserk rage {unknown}
 r - a potion of degeneration {unknown}
 x - 3 potions of attraction {unknown}
 A - 2 potions of resistance
 D - 2 potions of magic {unknown}
 E - a potion of enlightenment {unknown}
 I - a potion of invisibility {unknown}


   Skills:
 - Level 3.2 Fighting
 - Level 13.6(14.4) Maces & Flails
 - Level 7.6(11.6) Staves
 + Level 7.7 Armour
 - Level 4.0 Shields


You had 10 spell levels left.
You didn't know any spells.
Your spell library contained the following spells:

 Spells                   Type           Power      Damage    Failure   Level
 Lesser Beckoning         Tloc           0%         N/A       100%        2
 Call Canine Familiar     Summ           0%         N/A       100%        3
 Sigil of Binding         Hex            0%         N/A       100%        3
 Teleport Other           Tloc           0%         N/A       100%        3
 Tukima's Dance           Hex            0%         N/A       100%        3
 Dimensional Bullseye     Hex/Tloc       0%         N/A       100%        4
 Iskenderun's Mystic Bla Conj/Tloc 0%             2d3        (+2d1     100%        4
 Olgreb's Toxic Radiance  Alch           0%         N/A       100%        4
 Ozocubu's Refrigeration  Ice            0%         4d7       100%        7
 Discord                  Hex            0%         N/A       100%        8
 Maxwell's Portable Pile  Tloc           Unusable   2d(5-13)  N/A         3

Dungeon Overview and Level Annotations

Branches:
Dungeon (9/15)             Temple (0/1) D:5            Lair (0/5) D:9
    Orc: D:9-12

Altars:
Cheibriados
Fedhas
Gozag
Kikubaaqudgha
Okawaru
Trog
Uskayaw
Wu Jian
The Shining One

Shops:
D:1 *   D:5 ?   D:7 :   D:8 [(:!   D:9 [


Innate Abilities, Weirdness & Mutations

You cannot be hasted, slowed, berserked, paralysed or teleported.
You can dig through walls and to a lower floor.
You have a pair of large antennae on your head. (SInv)
Your four strong arms can wield two-handed weapons with a shield.


Message History

The slime creature is severely wounded.
The slime creature hits you but does no damage.
The slime creature hits you!
* * * LOW HITPOINT WARNING * * *
You completely miss the slime creature.
The slime creature is severely wounded.
The slime creature hits you.
* * * LOW HITPOINT WARNING * * *
You hit the slime creature.
The slime creature is almost dead.
The slime creature hits you!
* * * LOW HITPOINT WARNING * * *
The slime creature hits you but does no damage.
The slime creature barely misses you.
You feel better. You block the slime creature's attack.
The slime creature hits you!
* * * LOW HITPOINT WARNING * * *
You block the slime creature's attack.
You hit the slime creature.
The slime creature is almost dead.
You whack the slime creature!
You kill the slime creature!
You block the slime creature's attack. x2
You feel better. You block the slime creature's attack.
The slime creature hits you.
* * * LOW HITPOINT WARNING * * *
It was a potion of cancellation.
You feel magically purged.
The slime creature hits you but does no damage.
The slime creature hits you.
* * * LOW HITPOINT WARNING * * *
You feel better.
You block the slime creature's attack. x2
You whack the slime creature!
The slime creature is moderately wounded.
The slime creature hits you!
* * * LOW HITPOINT WARNING * * *
The slime creature barely misses you.
You feel better. The slime creature hits you.
* * * LOW HITPOINT WARNING * * *
The slime creature hits you!
You die...

#...# #..... #..#
#...# #..... #..#
#...# #..... #..#
#...# #..... #..#
#...# #..... #..#
#...# #..... #..#
#...# #..... #JJ#
#[..# #..... #.@#
#...# #.....
#..#####...###.....
#..................
#..................
###################


You could see 2 slime creatures.

Vanquished Creatures
  2 two-headed ogres (D:9)
  A troll (D:9)
  A wyvern (D:9)
  2 slime creatures (D:9)
  Eustachio (D:5)
  A water moccasin (D:8)
  7 orc warriors
  An ice beast (D:8)
  A black bear (D:5)
  2 ogres
  2 wolves (D:9)
  4 centaurs
  7 kobold brigands
  A bullfrog (D:6)
  A gnoll sergeant (D:8)
  A scorpion (D:5)
  9 wights
  11 killer bees (D:9)
  6 howler monkeys
  A vampire bat (D:7)
  6 electric eels (D:8)
  3 bombardier beetles
  4 gnoll boudas (D:8)
  2 jellies
  11 orc priests
  2 hounds
  A sleepcap (D:6)
  6 iguanas
  9 orc wizards
  22 gnolls
  6 adders
  A shadow imp (D:7)
  2 ufetubi (D:7)
  3 dart slugs
  3 ribbon worms (D:3)
  34 orcs
  5 endoplasms
  2 giant cockroaches (D:1)
  9 hobgoblins
  4 jackals (D:4)
  4 quokkas
  6 ball pythons
  10 bats
  3 frilled lizards (D:2)
  8 goblins
  20 kobolds
  7 rats
255 creatures vanquished.

Vanquished Creatures (collateral kills)
  A wyvern (D:8)
  An electric eel (D:8)
2 creatures vanquished.

Grand Total: 257 creatures vanquished

Notes
Turn   | Place    | Note
-------+----------+-------------------------------------------
     0 | D:1      | Maxmaps the Formicid Fighter began the quest for the Orb.
     0 | D:1      | Reached XP level 1. HP: 18/18 MP: 1/1
   105 | D:1      | Found a faded altar of an unknown god.
   160 | D:1      | Reached XP level 2. HP: 24/24 MP: 2/2
   445 | D:1      | Found Umpeadij's General Store.
   781 | D:2      | Reached XP level 3. HP: 29/29 MP: 3/3
  1073 | D:2      | Reached XP level 4. HP: 35/35 MP: 4/4
  1758 | D:3      | Found an iron altar of Okawaru.
  1868 | D:3      | Found a glowing golden altar of the Shining One.
  1884 | D:3      | Became a worshipper of the Shining One
  2350 | D:3      | Reached XP level 5. HP: 9/41 MP: 5/5
  2522 | D:4      | Reached skill level 5 in Staves
  2782 | D:4      | Noticed a kobold brigand
  3177 | D:4      | Killed a kobold brigand
  3178 | D:4      | Reached XP level 6. HP: 21/47 MP: 6/6
  3565 | D:5      | Entered Level 5 of the Dungeon
  3582 | D:5      | Noticed an ogre
  3597 | D:5      | Killed an ogre
  3598 | D:5      | Reached XP level 7. HP: 52/52 MP: 7/7
  3702 | D:5      | Found Guysuuz's Magic Scroll Boutique.
  3828 | D:5      | Bought a scroll of identify for 24 gold pieces
  3828 | D:5      | Bought a scroll of identify for 24 gold pieces
  3896 | D:5      | Reached skill level 1 in Maces & Flails
  3935 | D:5      | Noticed Eustachio
  3947 | D:5      | Killed Eustachio
  3948 | D:5      | Reached skill level 3 in Maces & Flails
  3986 | D:5      | Reached XP level 8. HP: 56/58 MP: 8/8
  4048 | D:5      | Found an opulent altar of Gozag.
  4081 | D:5      | Found an ancient bone altar of Kikubaaqudgha.
  4183 | D:5      | Identified the +0 whip of the Pyrrhic Victory {freeze,
                  | rElec Dex+3 SInv}
  4384 | D:5      | Reached skill level 4 in Maces & Flails
  4561 | D:5      | Identified the +6 whip of the Unspeakable One {drain,
                  | *Corrode rN+ Int+6}
  4591 | D:5      | Found a staircase to the Ecumenical Temple.
  4768 | D:6      | Reached skill level 5 in Maces & Flails
  4879 | D:6      | Reached skill level 6 in Maces & Flails
  5304 | D:6      | Found an ornate altar of the Wu Jian Council.
  5544 | D:6      | Reached skill level 7 in Maces & Flails
  5643 | D:7      | Reached XP level 9. HP: 25/64 MP: 9/9
  5878 | D:7      | Reached * piety under the Shining One
  5889 | D:7      | Reached skill level 8 in Maces & Flails
  6128 | D:7      | Reached skill level 9 in Maces & Flails
  6151 | D:7      | Found Becef's Tiny Tomes.
  6234 | D:7      | Found a bloodstained altar of Trog.
  6291 | D:7      | Found a snail-covered altar of Cheibriados.
  6346 | D:7      | Found a blossoming altar of Fedhas.
  6591 | D:8      | Found Duhe's Distillery.
  6720 | D:8      | Reached skill level 10 in Maces & Flails
  6936 | D:8      | HP: 2/64 [orc priest/divine providence (8)]
  6938 | D:8      | Reached ** piety under the Shining One
  7202 | D:8      | Found Epetaosi's Antique Armour Boutique.
  7216 | D:8      | Bought a pair of glowing boots for 142 gold pieces
  7263 | D:8      | Found Waudgh's Weapon Shop.
  7324 | D:8      | Reached XP level 10. HP: 70/70 MP: 10/10
  7374 | D:8      | Reached skill level 11 in Maces & Flails
  7462 | D:8      | HP: 3/70 [wyvern (10)]
  7472 | D:8      | Was placed under penance by the Shining One
  7651 | D:8      | Found Omotuc's Book Emporium.
  7858 | D:8      | Reached skill level 12 in Maces & Flails
  8248 | D:8      | Found a hide-covered altar of Uskayaw.
  8333 | D:9      | Noticed a two-headed ogre
  8344 | D:9      | Was forgiven by the Shining One
  8345 | D:9      | Killed a two-headed ogre
  8346 | D:9      | Reached skill level 13 in Maces & Flails
  8370 | D:9      | Found a staircase to the Lair.
  8434 | D:9      | Reached XP level 11. HP: 75/75 MP: 11/11
  8452 | D:9      | Found Kiwkin's Armour Shop.
  8457 | D:9      | Bought a +0 chain mail for 58 gold pieces
  8623 | D:9      | Noticed a two-headed ogre
  8633 | D:9      | Killed a two-headed ogre
  8634 | D:9      | Reached skill level 5 in Armour
  9077 | D:9      | HP: 2/67 [slime creature (8)]
  9084 | D:9      | HP: 2/69 [slime creature (12)]
  9085 | D:9      | Mangled by a slime creature

Illustrated notes

Levels and vault maps discovered:
D:1:      lemuel_arrival_river_ford, layout_loops_cross, serial_shops,
          nicolae_shop_behind_doors, dreamdust_ecumenical_altar_statues
D:2:      layout_basic, minmay_pentomino_v2
D:3:      layout_rooms, overflow_temple_1_default, okawaru_gym_becter
D:4:      cheibrodos_thug_alley, layout_basic
D:5:      corexii_shantytown, layout_basic, grunt_gozag_breadcrumbs,
          mainiacjoe_overflow_six_doors_small, minmay_temple_entry_from_below_a,
          serial_shops, nicolae_shop_stone, hangedman_abyss_or_decor_stabs,
          uniq_eustachio
D:6:      layout_basic, nicolae_overflow_crystal_walls,
          chequers_serial_rivers_small_b, minmay_misc_feat_room
D:7:      layout_rooms, lemuel_doored_altar, slow_altar_2,
          nicolae_shop_i_like_small_books_too, roderic_batcave,
          minmay_misc_feat_roman, david_defended_altar_orc
D:8:      kennysheep_seaside_town, layout_layer_cave,
          nicolae_uskayaw_dance_studio, serial_shops, kennysheep_mini_moat,
          shop, shop, nicolae_lakefront_shop, chequers_serial_rivers_marsh,
          kennysheep_boxes
D:9:      layout_long_grid, kennysheep_little_box, xom_teletrap_fun,
          erik_lair_orcish_takeover, serial_shops, shop, minivault_23

Skill      XL: |  1  2  3  4  5  6  7  8  9 10 11 |
---------------+----------------------------------+-----
Staves         | 3 4 6 7 |  7.6
Maces & Flails | 3 7 10 13 | 13.6
Armour         | 7 |  7.7
Fighting       | |  3.2
Shields        | |  4.0

Action                     |  1- 3 |  4- 6 |  7- 9 | 10-12 || total
---------------------------+-------+-------+-------+-------++-------
  Melee: Quarterstaff      |    89 |    59 |       |       ||   148
         Whip              |       |    70 |   341 |   343 ||   754
Ability: Dig               |       |       |       |     1 ||     1
  Evoke: Wand              |       |       |       |     6 ||     6
    Use: Scroll            |       |    13 |       |     1 ||    14
         Potion            |       |       |     4 |    11 ||    15
 Armour: Scale mail        |    90 |    83 |   179 |   113 ||   465
         Skin              |       |       |       |     5 ||     5
         Chain mail        |       |       |       |    66 ||    66
  Dodge: Dodged            |    27 |    31 |    68 |    56 ||   182
         Repelled          |       |       |     1 |    10 ||    11
  Block: Buckler           |    18 |       |       |       ||    18
         Kite shield       |    11 |    65 |   183 |   142 ||   401

Table legend: (Time is in decaauts)
 A = Elapsed time spent in this place.
 B = Non-inter-level travel time spent in this place.
 C = Inter-level travel time spent in this place.
 D = Time resting spent in this place.
 E = Time spent auto-exploring this place.
 F = Levels seen in this place.
 G = Mean time per level.
                   A        B        C        D        E       F      G
               +--------+--------+--------+--------+--------+-----+--------+
         Total |   8945 |   8651 |    294 |    979 |   6059 |   9 |  993.9 |
       Dungeon |   8945 |   8651 |    294 |    979 |   6059 |   9 |  993.9 |
               +--------+--------+--------+--------+--------+-----+--------+

Top non-repeatable levels by time:
     D:8: 1477 daAuts
     D:5: 1191 daAuts
     D:4: 1169 daAuts
     D:7: 1146 daAuts
     D:2: 959 daAuts
     D:6: 822 daAuts
     D:1: 783 daAuts
     D:3: 701 daAuts
     D:9: 694 daAuts
